 Dungeon Crawl Stone Soup version 0.31-a0-536-ga3e2962e35 (webtiles) character file.

Game seed: 14348036025018695870

43 Ethylacetat the Slasher (level 3, -2/25 HPs)
             Began as an Octopode Gladiator on Aug 12, 2023.
             Slain by Sigmund
             ... wielding a +2 vampiric scythe
              (7 damage)
             ... on level 2 of the Dungeon.
             The game lasted 00:01:37 (858 turns).

Ethylacetat the Slasher (Octopode Gladiator)         Turns: 858, Time: 00:01:37

Health: -2/25      AC:  1    Str: 13    XL:     3   Next: 58%
Magic:  3/3        EV: 14    Int: 10    God:
Gold:   29         SH:  0    Dex: 15    Spells: 2/2 levels left

rFire   . . .        a - +0 long sword
rCold   . . .        (no shield)
rNeg    . . .        b - +0 hat
rPois   .            (no amulet)
rElec   .            (no ring)
rCorr   .            (no ring)
SInv    .            (no ring)
Will    .....        (no ring)
Stlth   +++          (no ring)
HPRegen 0.24/turn    (no ring)
MPRegen 0.08/turn    (no ring)
                     (no ring)

%: no passive effects
@: no status effects
A: almost no armour, amphibious, 8 rings, camouflage 1, gelatinous body 1,
(nimble swimmer 1), tentacles
a: no special abilities


You were on level 2 of the Dungeon.
You visited 1 branch of the dungeon, and saw 3 of its levels.

You collected 29 gold pieces.

Inventory:

Hand Weapons
 a - a +0 long sword (weapon)
Missiles
 c - 3 throwing nets (quivered)
 d - a javelin
Armour
 b - a +0 hat (worn)
Scrolls
 e - 4 scrolls of identify {unknown}
 h - a scroll of fear {unknown}
 i - a scroll of noise {unknown}
 j - a scroll of immolation {unknown}
 k - a scroll of amnesia {unknown}
Potions
 f - a potion of curing {unknown}
 g - 2 potions of heal wounds {unknown}


   Skills:
 + Level 2.5 Fighting
 + Level 3.4 Long Blades
 - Level 2.0 Throwing
 + Level 3.3 Dodging
 + Level 2.1 Stealth


You had 2 spell levels left.
You didn't know any spells.
Your spell library was empty.

Dungeon Overview and Level Annotations

Branches:
Dungeon (3/15)

Altars:

Annotations:
D:2 Sigmund


Innate Abilities, Weirdness & Mutations

You cannot wear most types of armour.
You are amphibious.
You can wear up to eight rings at the same time.
Your skin changes colour to match your surroundings (Stealth+).
Your rubbery body absorbs attacks. (AC +1, EV +1)
((You are camouflaged when in or above water. (Stealth+)))
You have tentacles for arms and can constrict up to eight enemies at once.


Message History

There is a stone staircase leading up here.
Sigmund the Dreaded comes into view.
He is wielding a +2 vampiric scythe.
Sigmund shouts!
Sigmund points at you and mumbles some strange words.
The puff of flame hits you!
An endoplasm comes into view.
There is a stone staircase leading down here.
You climb downwards.
There is a stone staircase leading up here.
You start resting.
HP restored.
You climb upwards.
Level annotation: Sigmund Sigmund casts a spell.
Sigmund flickers and vanishes!
Deactivating autopickup; reactivate with Ctrl-A.
There is a stone staircase leading down here.
There is a strange disturbance nearby!
Unknown command.
You are confused.
You bump into the rock wall.
You bump into the rock wall.
Something hits you.
You bump into the rock wall.
You feel less confused.
You hear some strange, mumbled words.
You are confused.
You bump into the rock wall.
You bump into the rock wall.
Something hits you.
You bump into the rock wall.
Something barely misses you.
You bump into the rock wall.
You feel less confused.
You hear some strange, mumbled words.
A puff of flame appears from out of thin air!
The puff of flame hits you!
You slash something!
Your tentacle-slap misses something.
Your squeeze misses something. Something barely misses you.
You closely miss something. You squeeze something! Something hits you!
* * * LOW HITPOINT WARNING * * *
You hit something. Something hits you!
You die...

#.#.##.#.# #.# #.#
#.....>#.###.#
#.###
#.###.##.....#
#...# #.#
#.######## ###.#
#.###......# #.#
#.....####.### #..
###.####.....# #.#
##{# #.....# #.#
#.@# #.....# #.~
#.## #.....# #.≈
#.# #.....# #~≈ #.#
####### #~≈ #.####
#≈≈ #.##.#########
#≈≈ #.#...>......#
##~ #..<...#####.#
#.
#.........##.#####.


There were no monsters in sight!

Vanquished Creatures
  A gnoll (D:1)
  2 dart slugs (D:1)
  3 ball pythons
  3 endoplasms (D:1)
  4 giant cockroaches (D:1)
  2 goblins (D:1)
  4 hobgoblins
  A quokka (D:1)
  A bat (D:1)
  2 frilled lizards (D:1)
  A kobold (D:1)
  3 rats
27 creatures vanquished.

Notes
Turn   | Place    | Note
-------+----------+-------------------------------------------
     0 | D:1      | Ethylacetat the Octopode Gladiator began the quest for the
                  | Orb.
     0 | D:1      | Reached XP level 1. HP: 14/14 MP: 1/1
    37 | D:1      | Reached skill level 1 in Stealth
    37 | D:1      | Reached XP level 2. HP: 12/19 MP: 2/2
   231 | D:1      | Reached XP level 3. HP: 10/25 MP: 3/3
   700 | D:2      | Found a faded altar of an unknown god.
   792 | D:2      | Noticed Sigmund
   858 | D:2      | Slain by Sigmund

Illustrated notes

Levels and vault maps discovered:
D:1:      roderic_crop_circles_arrival_small, layout_basic
D:2:      layout_loops_cross, nicolae_ecumenical_lake_church,
          minmay_split_cup_large, uniq_sigmund
D:3:      layout_basic, serial_glass, glass_columns_b, glass_columns_c

Skill      XL: |  1  2  3 |
---------------+----------+-----
Stealth        | 1 2 |  2.1
Fighting       | |  2.5
Long Blades    | |  3.4
Throwing       | |  2.0
Dodging        | |  3.3

Action                     || total
---------------------------++-------
  Melee: Long sword        ||    47
         Constrict         ||    10
         Tentacles         ||     7
   Stab: Sleeping          ||     8
 Armour: Skin              ||     2
  Dodge: Dodged            ||    30

Table legend: (Time is in decaauts)
 A = Elapsed time spent in this place.
 B = Non-inter-level travel time spent in this place.
 C = Inter-level travel time spent in this place.
 D = Time resting spent in this place.
 E = Time spent auto-exploring this place.
 F = Levels seen in this place.
 G = Mean time per level.
                   A        B        C        D        E       F      G
               +--------+--------+--------+--------+--------+-----+--------+
         Total |    869 |    867 |      2 |     32 |    611 |   3 |  289.7 |
       Dungeon |    869 |    867 |      2 |     32 |    611 |   3 |  289.7 |
               +--------+--------+--------+--------+--------+-----+--------+

Top non-repeatable levels by time:
     D:1: 636 daAuts
     D:2: 198 daAuts
     D:3: 33 daAuts
